 Dungeon Crawl Stone Soup version 0.30-a0-643-g638baaf3f0 (webtiles) character file.

Game seed: 2224640931178816595

67 Dirtsage the Changer (level 4, -1/28 HPs)
             Began as an Octopode Transmuter on Jan 16, 2023.
             Succumbed to a goblin's poison
             ... on level 2 of the Dungeon.
             The game lasted 00:02:34 (1184 turns).

Dirtsage the Changer (Octopode Transmuter)          Turns: 1184, Time: 00:02:35

Health: -1/28      AC:  1    Str: 12 (15) XL:     4   Next: 16%
Magic:  2/7        EV: 13    Int: 14 (17) God:
Gold:   119        SH:  0    Dex: 10 (12) Spells: 4/7 levels left

rFire   . . .      SeeInvis .      - Unarmed
rCold   . . .      Faith    +    (no shield)
rNeg    . . .      Spirit   .    (helmet currently unavailable)
rPois   .          Reflect  .    h - amulet of faith
rElec   .          Harm     .    f - +6 ring of strength
rCorr   .          Rampage  .    (no ring)
Will    .....                    (no ring)
Stlth   ++                       (no ring)
HPRegen 0.24/turn                (no ring)
MPRegen 0.10/turn                (no ring)
                                 (no ring)
                                 (no ring)

@: lethally poisoned (-1 -> -8), appendages, wereblooded
A: tentacle spike 3, almost no armour, amphibious, 8 rings, camouflage 1,
gelatinous body 1, (nimble swimmer 1), tentacles
a: End Transformation


You were on level 2 of the Dungeon.
One of your tentacles had grown a beastly spike.
You visited 1 branch of the dungeon, and saw 2 of its levels.

You collected 119 gold pieces.

Inventory:

Hand Weapons
 i - the +5 whip "Ebliwa Acuke" {flame, Fly rPois Int-3}
   (You found it on level 2 of the Dungeon)

   Int:       It affects your intelligence (-3).
   rPois:     It protects you from poison.
   Fly:       It grants you flight.
Magical Staves
 b - a staff of death
Jewellery
 f - a +6 ring of strength (left tentacle)
 h - an amulet of faith (around mantle)
Scrolls
 d - a scroll of enchant weapon {unknown}
 g - 4 scrolls of identify {unknown}
 k - a scroll of acquirement {unknown}
Potions
 a - a potion of lignification
 c - 2 potions of invisibility {unknown}
 e - a potion of degeneration
 j - a potion of magic {unknown}
 l - a potion of might {unknown}
 m - 2 potions of curing {unknown}


   Skills:
 - Level 1.0 Fighting
 - Level 2.0 Dodging
 - Level 3.0 Unarmed Combat
 - Level 2.0 Spellcasting
 * Level 3.3 Transmutations
 * Level 2.4 Ice Magic


You had 4 spell levels left.
You knew the following spells:

 Your Spells              Type           Power      Damage    Failure   Level
a - Beastly Appendage     Tmut           20%        N/A       6%          1
b - Wereblood             Tmut           10%        N/A       9%          2

Your spell library contained the following spells:

 Spells                   Type           Power      Damage    Failure   Level
 Magic Dart               Conj           4%         1d3       24%         1
 Scorch                   Fire           2%         2d5       34%         2
 Searing Ray              Conj           2%         2d4       34%         2
 Spider Form              Tmut/Pois      6%         N/A       36%         3
 Ice Form                 Ice/Tmut       9%         N/A       58%         4
 Flame Wave               Conj/Fire      1%         2d4       93%         4
 Fulminant Prism          Conj/Hex       0%         3d5       93%         4
 Summon Cactus Giant      Summ           0%         N/A       100%        6


Dungeon Overview and Level Annotations

Branches:
Dungeon (2/15)

Altars:

Annotations:
D:2 1 runed translucent door, Crazy Yiuf


Innate Abilities, Weirdness & Mutations

One of your tentacles has grown a beastly spike.
You cannot wear most types of armour.
You are amphibious.
You can wear up to eight rings at the same time.
Your skin changes colour to match your surroundings (Stealth+).
Your rubbery body absorbs attacks. (AC +1, EV +1)
((You are camouflaged when in or above water. (Stealth+)))
You have tentacles for arms and can constrict up to eight enemies at once.


Message History

You completely miss the goblin. Your grab misses the goblin.
Your tentacle spike misses the goblin.
You squeeze the goblin.
The goblin is severely wounded.
The goblin closely misses you.
You barely miss the goblin. Your grab misses the goblin.
Your tentacle spike misses the goblin.
The goblin is severely wounded.
The goblin barely misses you.
You miss the goblin. You grab the goblin.
The goblin is severely wounded.
Your tentacle spike disappears.
You constrict the goblin.
You feel a bit better.
You kill the goblin!
You regained 2 hp, and now have 6/28 hp.
You barely miss the goblin. You grab the goblin. You constrict the goblin.
The goblin hits you with a +0 dagger.
* * * LOW HITPOINT WARNING * * *
Casting: Wereblood (safe; 8% risk of failure)
Confirm with . or Enter, or press ? or * to list all spells.
One of your tentacles grows a vicious spike.
You constrict the goblin. The goblin hits you with a +0 dagger.
* * * LOW HITPOINT WARNING * * *
You take 2 damage, and have 4/28 hp.
You now have 2/7 mp.
You tentacle-slap the goblin.
You feel a bit better.
You kill the goblin!
The goblin shoots a sling bullet.
The sling bullet hits you.
* * * LOW HITPOINT WARNING * * *
You take 2 damage, and have 2/28 hp.
You howl as the wereblood boils in your veins!
The goblin hits you with a +2 dagger of venom.
* * * LOW HITPOINT WARNING * * *
You are lethally poisoned!
The goblin unwields a +0 sling.
The goblin wields a +0 dagger.
The goblin completely misses you.
Items here: ))) / [ ††.
You take 1 damage, and have 1/28 hp.
It was a potion of degeneration.
There was something very wrong with that liquid.
You feel weakened.
You feel dopey.
You feel clumsy.
You die...

..#.....#.# #..8.8.8.8
........#.# #.........
....)...#.# #......... #
#...#'###.# #...g.g...
##.## #...#.# #.#
#...ggg... ..>..
#.#...###.# #....g....
#...
#.#.#.....###..8.8.8.8
....#.........<#########.#
#.##
#.#............g@).......#
#...
..#............g##########
#..# ###############..#
####### #..# ........
.....##.....#####..#
.#######
................#..#
.#########
#.............##.#..#
......<..#
#........####.##.#...
.........# #####.....#
#.##..... .........#
#.###.###.##.....


You could see 2 goblins.

Vanquished Creatures
  Ijyb (D:2)
  A worm (D:2)
  3 dart slugs (D:1)
  6 endoplasms (D:1)
  A giant cockroach (D:1)
  5 goblins (D:2)
  A hobgoblin (D:1)
  2 kobolds (D:1)
  4 ball pythons (D:1)
  A bat (D:1)
  A frilled lizard (D:1)
  3 rats
29 creatures vanquished.

Notes
Turn   | Place    | Note
-------+----------+-------------------------------------------
     0 | D:1      | Dirtsage the Octopode Transmuter began the quest for the
                  | Orb.
     0 | D:1      | Reached XP level 1. HP: 13/13 MP: 3/3
    63 | D:1      | Reached skill level 1 in Ice Magic
    63 | D:1      | Reached XP level 2. HP: 7/18 MP: 3/5
    66 | D:1      | Learned a level 2 spell: Wereblood
   396 | D:1      | Reached XP level 3. HP: 18/23 MP: 4/6
   732 | D:2      | Found a runed translucent door.
   733 | D:2      | Noticed Crazy Yiuf
   785 | D:2      | Identified the +5 whip "Ebliwa Acuke" {flame, Fly rPois
                  | Int-3}
  1063 | D:2      | Found a faded altar of an unknown god.
  1151 | D:2      | Noticed Ijyb
  1175 | D:2      | Killed Ijyb
  1176 | D:2      | Reached XP level 4. HP: 3/28 MP: 4/7
  1183 | D:2      | HP: 1/28 [goblin/+2 dagger of venom (1)]
  1184 | D:2      | Succumbed to a goblin's poison

Illustrated notes

Levels and vault maps discovered:
D:1:      matt_arrival_los_fun, layout_rooms
D:2:      kennysheep_the_goblin_king, layout_basic,
          shapermc_ecumenical_altar_venn, grunt_decor_resistance, minivault_26,
          minmay_crystal_room, nicolae_grassy_gnolls, uniq_crazy_yiuf_cottage

Skill      XL: |  1  2  3 |
---------------+----------+-----
Ice Magic      | 1 2 |  2.4
Transmutations | 3 |  3.3
Fighting       | |  1.0
Dodging        | |  2.0
Unarmed Combat | |  3.0
Spellcasting   | |  2.0

Action                   |  1- 3 |  4- 6 || total
-------------------------+-------+-------++-------
Melee: Unarmed           |    59 |     5 ||    64
       Tentacles         |    14 |     1 ||    15
       Kick              |    17 |       ||    17
       Constrict         |    15 |     2 ||    17
       Punch             |     2 |       ||     2
 Cast: Beastly Appendage |    13 |     1 ||    14
       Wereblood         |     4 |     1 ||     5
  Use: Potion            |       |     1 ||     1
 Stab: Sleeping          |     4 |       ||     4
Armor: Skin              |     2 |       ||     2
Dodge: Dodged            |    31 |     4 ||    35

Table legend: (Time is in decaauts)
 A = Elapsed time spent in this place.
 B = Non-inter-level travel time spent in this place.
 C = Inter-level travel time spent in this place.
 D = Time resting spent in this place.
 E = Time spent auto-exploring this place.
 F = Levels seen in this place.
 G = Mean time per level.
                   A        B        C        D        E       F      G
               +--------+--------+--------+--------+--------+-----+--------+
         Total |   1179 |   1179 |      0 |     20 |    919 |   2 |  589.5 |
       Dungeon |   1179 |   1179 |      0 |     20 |    919 |   2 |  589.5 |
               +--------+--------+--------+--------+--------+-----+--------+

Top non-repeatable levels by time:
     D:1: 710 daAuts
     D:2: 469 daAuts
